| TOP OF THE 1ST |
|
Sacramento River Cats batting - Pitching for Colorado Springs Sky Sox : LHP Steve Ransom
|
|
Pitching: LHP Steve Ransom
|
|
|
Batting: LHB Mason Duffy
|
0-0: Called Strike 0-1: Ball 1-1: Foul Ball, location: 2F 1-2: Ball 2-2: Ball 3-2: Base on Balls
|
|
Batting: RHB Troy Trice
|
0-0: Foul Ball, location: 2F 0-1: Ball 1-1: Grounds into double play, 6-4-3 (Groundball, 6, EV 83.1 MPH)
|
|
Batting: RHB Brian Rogers
|
0-0: Called Strike 0-1: Swinging Strike 0-2: Strikes out swinging
|
| Top of the 1st over - 0 runs, 0 hits, 0 errors, 0 left on base; Sacramento 0 - Colorado Springs 0 |
| BOTTOM OF THE 1ST |
|
Colorado Springs Sky Sox batting - Pitching for Sacramento River Cats : RHP Dave Crouch
|
|
Pitching: RHP Dave Crouch
|
|
|
Batting: LHB Steve Gilliam
|
0-0: Ball 1-0: Foul Ball, location: 2F 1-1: Ball 2-1: Ball 3-1: Base on Balls
|
|
Batting: SHB Jamie Mims
|
0-0: Ball 1-0: Called Strike 1-1: Fly out, F4 (Line Drive, 4M, EV 70.0 MPH)
|
|
Batting: SHB Bobby Santor
|
0-0: Ball 1-0: Ball 2-0: SINGLE (Groundball, 56D, EV 99.4 MPH) Steve Gilliam to second
|
|
Batting: LHB Michael Krott
|
0-0: Foul Ball, location: 2F 0-1: Foul Ball, location: 2F 0-2: Ball 1-2: Foul Ball, location: 2F 1-2: Foul Ball, location: 2F 1-2: Ball 2-2: Strikes out looking
|
|
Batting: RHB Kevin Tangeman
|
0-0: Fly out, F7 (Flyball, 7, EV 93.1 MPH)
|
| Bottom of the 1st over - 0 runs, 1 hit, 0 errors, 2 left on base; Sacramento 0 - Colorado Springs 0 |
| TOP OF THE 2ND |
|
Sacramento River Cats batting - Pitching for Colorado Springs Sky Sox : LHP Steve Ransom
|
|
Batting: RHB Hugo Zacarias
|
0-0: Ball 1-0: Swinging Strike 1-1: Ball 2-1: Ground out 4-3 (Groundball, 4M, EV 83.1 MPH)
|
|
Batting: LHB Kevin Kantor
|
0-0: SINGLE (Groundball, 6MS, EV 70.0 MPH) (infield hit)
|
|
Batting: RHB Frank Pena
|
0-0: Ball Kevin Kantor steals 2nd base (no throw) 1-0: Ball 2-0: Ball 3-0: Base on Balls
|
|
Batting: RHB Nick Wicker
|
0-0: Called Strike 0-1: Foul Ball, location: 2F 0-2: Ball 1-2: Strikes out looking
|
|
Batting: RHB Justin Baldwin
|
0-0: Foul Ball, location: 2F 0-1: Fly out, F8 (Line Drive, 8RM, EV 95.0 MPH)
|
| Top of the 2nd over - 0 runs, 1 hit, 0 errors, 2 left on base; Sacramento 0 - Colorado Springs 0 |
| BOTTOM OF THE 2ND |
|
Colorado Springs Sky Sox batting - Pitching for Sacramento River Cats : RHP Dave Crouch
|
|
Batting: LHB Luke Coulter
|
0-0: Ball 1-0: Called Strike 1-1: Fly out, F8 (Flyball, 89M, EV 91.9 MPH)
|
|
Batting: RHB John Boyer
|
0-0: Fly out, F4 (Popup, 4MD, EV 58.1 MPH)
|
|
Batting: LHB Mike Clark
|
0-0: SINGLE (Flyball, 78S, EV 91.2 MPH)
|
|
Batting: RHB Kevin McKasson
|
0-0: SINGLE (Groundball, 56, EV 95.0 MPH) Mike Clark to second Runner from 2nd tries for 3rd, SAFE, throw by LF made to third
|
|
Batting: LHB Steve Gilliam
|
0-0: Called Strike 0-1: Foul Ball, location: 2F 0-2: Foul Ball, location: 2F 0-2: Fielders Choice at 2nd, 5-4 (Groundball, 5L, EV 78.1 MPH)
|
| Bottom of the 2nd over - 0 runs, 2 hits, 0 errors, 2 left on base; Sacramento 0 - Colorado Springs 0 |
| TOP OF THE 3RD |
|
Sacramento River Cats batting - Pitching for Colorado Springs Sky Sox : LHP Steve Ransom
|
|
Batting: RHB Dave Crouch
|
0-0: Called Strike 0-1: Ball 1-1: SINGLE (Line Drive, 89S, EV 106.9 MPH)
|
|
Batting: LHB Mason Duffy
|
0-0: Ball 1-0: Ball 2-0: Ball 3-0: Base on Balls Dave Crouch to second
|
|
Batting: RHB Troy Trice
|
0-0: Ball 1-0: Ball 2-0: Ball 3-0: Base on Balls Dave Crouch to third Mason Duffy to second
|
|
Batting: RHB Brian Rogers
|
0-0: Called Strike 0-1: Ball 1-1: Ball 2-1: Fly out, F9 (Flyball, 9, EV 90.0 MPH)
|
|
Batting: RHB Hugo Zacarias
|
0-0: Ball 1-0: Ball 2-0: Called Strike 2-1: Reached on error, E3 (Groundball, 3S, EV 82.5 MPH) Dave Crouch scores Mason Duffy to third Troy Trice to second
|
|
Batting: LHB Kevin Kantor
|
0-0: Reached on error, E4 (Groundball, 34, EV 108.1 MPH) Mason Duffy scores Troy Trice to third Hugo Zacarias to second
|
|
Batting: RHB Frank Pena
|
0-0: Called Strike 0-1: Foul Ball, location: 2F 0-2: Ball 1-2: Fly out, F8 (Line Drive, 8RS, EV 100.6 MPH)
|
|
Batting: RHB Nick Wicker
|
0-0: Called Strike 0-1: Foul Ball, location: 2F 0-2: Ground out 4-3 (Groundball, 4, EV 83.1 MPH)
|
| Top of the 3rd over - 2 runs, 1 hit, 2 errors, 3 left on base; Sacramento 2 - Colorado Springs 0 |
| BOTTOM OF THE 3RD |
|
Colorado Springs Sky Sox batting - Pitching for Sacramento River Cats : RHP Dave Crouch
|
|
Batting: SHB Jamie Mims
|
0-0: Swinging Strike 0-1: SINGLE (Line Drive, 78M, EV 93.1 MPH)
|
|
Batting: SHB Bobby Santor
|
0-0: Ball 1-0: Called Strike Jamie Mims is caught stealing 2nd base 2-6 1-1: Fly out, F8 (Flyball, 8RM, EV 91.2 MPH)
|
|
Batting: LHB Michael Krott
|
0-0: Ball 1-0: Called Strike 1-1: Ball 2-1: Ground out U3 (Groundball, 3, EV 88.8 MPH)
|
| Bottom of the 3rd over - 0 runs, 1 hit, 0 errors, 0 left on base; Sacramento 2 - Colorado Springs 0 |
| TOP OF THE 4TH |
|
Sacramento River Cats batting - Pitching for Colorado Springs Sky Sox : LHP Steve Ransom
|
|
Batting: RHB Justin Baldwin
|
0-0: Swinging Strike 0-1: Ground out 1-3 (Groundball, 13S, EV 75.0 MPH)
|
|
Batting: RHB Dave Crouch
|
0-0: Called Strike 0-1: Foul Ball, location: 2F 0-2: Ball 1-2: Foul Ball, location: 2F 1-2: Ground out 6-3 (Groundball, 6, EV 85.6 MPH)
|
|
Batting: LHB Mason Duffy
|
0-0: Ball 1-0: Ball 2-0: Ball 3-0: Base on Balls
|
|
Batting: RHB Troy Trice
|
0-0: Called Strike 0-1: Swinging Strike 0-2: Ball 1-2: Foul Ball, location: 2F 1-2: SINGLE (Line Drive, 8LS, EV 109.4 MPH) Mason Duffy to second
|
|
Batting: RHB Brian Rogers
|
0-0: Called Strike 0-1: Swinging Strike 0-2: Foul Ball, location: 2F 0-2: Ball 1-2: Ball 2-2: Ball 3-2: Base on Balls Mason Duffy to third Troy Trice to second
|
|
Batting: RHB Hugo Zacarias
|
0-0: Foul Ball, location: 2F 0-1: SINGLE (Line Drive, 9S, EV 91.9 MPH) Mason Duffy scores Troy Trice to third Brian Rogers to second Runner from 3rd tries for Home, SAFE, throw by RF to home
|
|
Batting: LHB Kevin Kantor
|
0-0: Ball 1-0: Called Strike 1-1: Foul Ball, location: 2F 1-2: Ball 2-2: Fly out, F7 (Flyball, 78M, EV 91.9 MPH)
|
| Top of the 4th over - 2 runs, 2 hits, 0 errors, 2 left on base; Sacramento 4 - Colorado Springs 0 |
| BOTTOM OF THE 4TH |
|
Colorado Springs Sky Sox batting - Pitching for Sacramento River Cats : RHP Dave Crouch
|
|
Batting: RHB Kevin Tangeman
|
0-0: Called Strike 0-1: Foul Ball, location: 2F 0-2: Ground out 5-3 (Groundball, 56S, EV 61.9 MPH)
|
|
Batting: LHB Luke Coulter
|
0-0: Ball 1-0: SINGLE (Groundball, 6S, EV 77.5 MPH) (infield hit)
|
|
Batting: RHB John Boyer
|
0-0: Ball 1-0: Ball 2-0: Fielders Choice at 2nd, 5-4 (Groundball, 56S, EV 86.2 MPH)
|
|
Batting: LHB Mike Clark
|
0-0: Called Strike 0-1: DOUBLE (Line Drive, 9LS, EV 105.0 MPH) John Boyer to third Runner from 3rd tries for Home, SAFE, throw by RF to trailing runner, SAFE at third!
|
|
Batting: RHB Kevin McKasson
|
0-0: Foul Ball, location: 2F 0-1: Swinging Strike 0-2: Ball 1-2: Ball 2-2: SINGLE (Groundball, P, EV 88.8 MPH) (infield hit) Mike Clark scores
|
|
Batting: LHB Steve Gilliam
|
0-0: Swinging Strike 0-1: Fly out, F1 (Line Drive, P, EV 71.2 MPH)
|
| Bottom of the 4th over - 2 runs, 3 hits, 0 errors, 1 left on base; Sacramento 4 - Colorado Springs 2 |
| TOP OF THE 5TH |
|
Sacramento River Cats batting - Pitching for Colorado Springs Sky Sox : LHP Steve Ransom
|
|
Batting: RHB Frank Pena
|
0-0: Called Strike 0-1: Ball 1-1: Ball 2-1: Foul Ball, location: 2F 2-2: DOUBLE (Flyball, 8LXD, EV 103.1 MPH)
|
|
Batting: RHB Nick Wicker
|
0-0: Foul Ball, location: 2F 0-1: Swinging Strike 0-2: Foul Ball, location: 2F 0-2: Ball 1-2: Ball 2-2: Strikes out swinging
|
|
Batting: RHB Justin Baldwin
|
0-0: Swinging Strike 0-1: Swinging Strike 0-2: Ball 1-2: Ball 2-2: Ground out 6-3 (Groundball, 6, EV 101.2 MPH)
|
|
Batting: RHB Dave Crouch
|
0-0: Called Strike 0-1: Foul Ball, location: 2F 0-2: SINGLE (Groundball, 6MD, EV 95.6 MPH) Frank Pena to third Runner from 3rd tries for Home, SAFE, throw by CF to home
|
|
Pitching: RHP Davon Ware
|
|
|
Batting: LHB Mason Duffy
|
0-0: Called Strike 0-1: Called Strike 0-2: Foul Ball, location: 2F 0-2: Strikes out swinging
|
| Top of the 5th over - 1 run, 2 hits, 0 errors, 1 left on base; Sacramento 5 - Colorado Springs 2 |
| BOTTOM OF THE 5TH |
|
Colorado Springs Sky Sox batting - Pitching for Sacramento River Cats : RHP Dave Crouch
|
|
Batting: SHB Jamie Mims
|
0-0: SINGLE (Line Drive, 3D, EV 100.6 MPH)
|
|
Batting: SHB Bobby Santor
|
0-0: Foul Ball, location: 2F 0-1: Fly out, F6 (Line Drive, 6, EV 71.9 MPH)
|
|
Batting: LHB Michael Krott
|
0-0: Called Strike Jamie Mims steals 2nd base 0-1: Ground out U3 (Groundball, 3L, EV 83.8 MPH) Jamie Mims to third
|
|
Batting: RHB Kevin Tangeman
|
0-0: Ball 1-0: Foul Ball, location: 2F 1-1: Ball 2-1: SINGLE (Groundball, 56S, EV 68.1 MPH) (infield hit) Jamie Mims scores
|
|
Batting: LHB Luke Coulter
|
0-0: Called Strike 0-1: Foul Ball, location: 2F 0-2: Ball Kevin Tangeman steals 2nd base (no throw) 1-2: Foul Ball, location: 2F 1-2: Ball 2-2: Ball 3-2: Foul Ball, location: 2F 3-2: Fly out, F9 (Flyball, 89M, EV 88.8 MPH)
|
| Bottom of the 5th over - 1 run, 2 hits, 0 errors, 1 left on base; Sacramento 5 - Colorado Springs 3 |
| TOP OF THE 6TH |
|
Sacramento River Cats batting - Pitching for Colorado Springs Sky Sox : RHP Davon Ware
|
|
Batting: RHB Troy Trice
|
0-0: Ground out 4-3 (Groundball, 4M, EV 98.1 MPH)
|
|
Batting: RHB Brian Rogers
|
0-0: Ball 1-0: Swinging Strike 1-1: Foul Ball, location: 2F 1-2: Ball 2-2: Ground out 6-3 (Groundball, 6, EV 83.8 MPH)
|
|
Batting: RHB Hugo Zacarias
|
0-0: Ball 1-0: Foul Ball, location: 2F 1-1: Ball 2-1: Ball 3-1: Base on Balls
|
|
Batting: LHB Kevin Kantor
|
0-0: Ball 1-0: Ball 2-0: Foul Ball, location: 2F 2-1: Ball 3-1: Ground out 4-3 (Groundball, 4, EV 83.8 MPH)
|
| Top of the 6th over - 0 runs, 0 hits, 0 errors, 1 left on base; Sacramento 5 - Colorado Springs 3 |
| BOTTOM OF THE 6TH |
|
Colorado Springs Sky Sox batting - Pitching for Sacramento River Cats : RHP Dave Crouch
|
|
Batting: RHB John Boyer
|
0-0: Ball 1-0: Ball 2-0: Called Strike 2-1: SINGLE (Groundball, 5S, EV 64.4 MPH) (infield hit)
|
|
Batting: LHB Mike Clark
|
0-0: Fly out, F7 (Flyball, 7LS, EV 92.5 MPH)
|
|
Batting: RHB Kevin McKasson
|
0-0: Ball 1-0: SINGLE (Groundball, 6D, EV 95.6 MPH) John Boyer to second
|
|
Batting: LHB Steve Gilliam
|
0-0: Ball 1-0: Called Strike 1-1: 3-RUN HOME RUN (Flyball, 9D, EV 103.8 MPH), Distance : 388 ft
|
|
Pitching: RHP Doug Kennie
|
|
|
Batting: SHB Jamie Mims
|
0-0: SINGLE (Line Drive, 8RS, EV 97.5 MPH)
|
|
Batting: SHB Bobby Santor
|
0-0: Foul Ball, location: 2F 0-1: Foul Ball, location: 2F 0-2: Ball 1-2: Strikes out looking
|
|
Batting: LHB Michael Krott
|
0-0: Ball 1-0: Ball 2-0: Called Strike 2-1: Ball 3-1: Base on Balls Jamie Mims to second
|
|
Batting: RHB Kevin Tangeman
|
0-0: Called Strike 0-1: Ball 1-1: Ball 2-1: Foul Ball, location: 2F 2-2: Fielders Choice at 2nd, 6-4 (Groundball, 6, EV 80.6 MPH)
|
| Bottom of the 6th over - 3 runs, 4 hits, 0 errors, 2 left on base; Sacramento 5 - Colorado Springs 6 |
| TOP OF THE 7TH |
|
Sacramento River Cats batting - Pitching for Colorado Springs Sky Sox : RHP Davon Ware
|
|
Batting: RHB Frank Pena
|
0-0: Foul Ball, location: 2F 0-1: Ball 1-1: Called Strike 1-2: Foul Ball, location: 2F 1-2: Ball 2-2: Fly out, F6 (Popup, P, EV 88.1 MPH)
|
|
Batting: RHB Nick Wicker
|
0-0: Ball 1-0: Swinging Strike 1-1: Ball 2-1: Ball 3-1: Base on Balls
|
|
Batting: RHB Justin Baldwin
|
0-0: Fly out, F3 (Popup, 3SF, EV 70.6 MPH)
|
|
Batting: LHB Jared Paige
|
0-0: Ball Nick Wicker steals 2nd base 1-0: Fly out, F7 (Line Drive, 7, EV 98.1 MPH)
|
| Top of the 7th over - 0 runs, 0 hits, 0 errors, 1 left on base; Sacramento 5 - Colorado Springs 6 |
| BOTTOM OF THE 7TH |
|
Colorado Springs Sky Sox batting - Pitching for Sacramento River Cats : RHP Doug Kennie
|
|
Batting: LHB Luke Coulter
|
0-0: Ground out U3 (Groundball, 3, EV 82.5 MPH)
|
|
Batting: RHB John Boyer
|
0-0: Ball 1-0: Called Strike 1-1: Ball 2-1: Ground out 6-3 (Groundball, 6, EV 90.6 MPH)
|
|
Batting: LHB Mike Clark
|
0-0: Ball 1-0: SINGLE (Groundball, 25, EV 73.1 MPH) (infield hit)
|
|
Batting: RHB Kevin McKasson
|
0-0: Ball Mike Clark is caught stealing 2nd base 2-4
|
| Bottom of the 7th over - 0 runs, 1 hit, 0 errors, 0 left on base; Sacramento 5 - Colorado Springs 6 |
| TOP OF THE 8TH |
|
Sacramento River Cats batting - Pitching for Colorado Springs Sky Sox : RHP Davon Ware
|
|
Pitching: LHP Bill Ogren
|
|
|
Batting: LHB Mason Duffy
|
0-0: Foul Ball, location: 2F 0-1: Ball 1-1: Ball 2-1: Foul Ball, location: 2F 2-2: Strikes out swinging
|
|
Batting: RHB Troy Trice
|
0-0: Called Strike 0-1: Ball 1-1: Fly out, F7 (Flyball, 7S, EV 76.2 MPH)
|
|
Batting: RHB Brian Rogers
|
0-0: Called Strike 0-1: Foul Ball, location: 2F 0-2: Ball 1-2: Ground out 5-3 (Groundball, 5, EV 83.1 MPH)
|
| Top of the 8th over - 0 runs, 0 hits, 0 errors, 0 left on base; Sacramento 5 - Colorado Springs 6 |
| BOTTOM OF THE 8TH |
|
Colorado Springs Sky Sox batting - Pitching for Sacramento River Cats : RHP Doug Kennie
|
|
Pitching: RHP Takashi Kino
|
|
|
Batting: RHB Kevin McKasson
|
0-0: Ball 1-0: Foul Ball, location: 2F 1-1: Ball 2-1: Fly out, F9 (Flyball, 89D, EV 96.9 MPH)
|
|
Batting: LHB Steve Gilliam
|
0-0: Called Strike 0-1: Ball 1-1: Ball 2-1: Ball 3-1: Base on Balls
|
|
Batting: SHB Jamie Mims
|
0-0: Called Strike Steve Gilliam steals 2nd base 0-1: Ground out U3 (Groundball, 13, EV 88.8 MPH) Steve Gilliam to third
|
|
Batting: SHB Bobby Santor
|
0-0: Called Strike 0-1: Foul Ball, location: 2F 0-2: Ball 1-2: Strikes out swinging
|
| Bottom of the 8th over - 0 runs, 0 hits, 0 errors, 1 left on base; Sacramento 5 - Colorado Springs 6 |
| TOP OF THE 9TH |
|
Sacramento River Cats batting - Pitching for Colorado Springs Sky Sox : LHP Bill Ogren
|
|
Pitching: RHP Jim Butler
|
|
|
Batting: RHB Hugo Zacarias
|
0-0: Foul Ball, location: 2F 0-1: Foul Ball, location: 2F 0-2: Ball 1-2: Ball 2-2: Foul Ball, location: 2F 2-2: SINGLE (Groundball, 6M, EV 88.1 MPH) (infield hit)
|
|
Batting: LHB Kevin Kantor
|
0-0: Swinging Strike 0-1: Ball 1-1: Foul Ball, location: 2F 1-2: Ball 2-2: Strikes out looking
|
|
Batting: RHB Frank Pena
|
0-0: Ball 1-0: Called Strike 1-1: Called Strike 1-2: Ball 2-2: Foul Ball, location: 2F 2-2: Foul Ball, location: 2F 2-2: Fielders Choice at 2nd, 1-6 (Groundball, 23, EV 73.1 MPH)
|
|
Batting: RHB Nick Wicker
|
0-0: Called Strike 0-1: Fly out, F9 (Flyball, 9, EV 86.2 MPH)
|
| Top of the 9th over - 0 runs, 1 hit, 0 errors, 1 left on base; Sacramento 5 - Colorado Springs 6 |
|